 Dungeon Crawl Stone Soup version 0.31-a0-968-g24f9ace8b5 (webtiles) character file.

Game seed: 7356327265029295160

1627250 Midn8 the Lord of Darkness (level 26, 268/268 HPs)
             Began as a Purple Draconian Necromancer on Oct 26, 2023.
             Was the Champion of Kikubaaqudgha.
             Escaped with the Orb
             ... and 3 runes on Oct 27, 2023!
             The game lasted 05:23:58 (72912 turns).

Midn8 the Lord of Darkness (DrNe)                  Turns: 72912, Time: 05:23:58

Health: 268/268    AC: 23    Str:  8    XL:     26   Next: 34%
Magic:  46/46      EV: 25    Int: 26    God:    Kikubaaqudgha [******]
Gold:   5364       SH: 13    Dex: 23    Spells: 8/63 levels left

rFire   + . .        s - +8 demon whip (pain)
rCold   + . .        N - +4 buckler of Duck's Teeth {+Inv Int+3 Dex+3 Slay+5}
rNeg    + . .        (body armour unavailable)
rPois   +            K - +2 hat
rElec   .            U - +2 cloak of Foestayt {+Blink rC+ rN+ Str-2}
rCorr   .            c - +0 pair of fencer's gloves {Riposte Dex+3}
SInv    .            l - +2 pair of boots
Will    +++..        t - amulet of Wolichot {Regen+ Slay+6}
Stlth   +            Y - ring of poison resistance
HPRegen 1.44/turn    G - ring of the Octopus King {rF+ HP+2 AC+2 EV+2 SH+2}
MPRegen 0.30/turn

%: no passive effects
@: maw-form, studying Spellcasting
A: devouring maw, breathe power, AC +12, unfitting armour, cold-blooded, hooves
1, agile 1, weak 1
0: Orb of Zot
}: 3/15 runes: decaying, silver, gossamer
a: Breathe Dispelling Energy, Begin Untransformation, Renounce Religion, Evoke
Blink, Evoke Invisibility, Unearth Wretches, Torment


You escaped.
You worshipped Kikubaaqudgha.
Kikubaaqudgha was exalted by your worship.
You were a creature with a mouth for a stomach.
You visited 11 branches of the dungeon, and saw 51 of its levels.
You visited 1 bazaar.
You also visited: Gauntlet and Wizlab.

You collected 7808 gold pieces.
You spent 2444 gold pieces at shops.

Inventory:

Hand Weapons
 s - a +8 demon whip of pain (weapon)
Missiles
 d - 37 poisoned darts
 p - 26 boomerangs
 u - 14 curare-tipped darts
Armour
 c - the +0 pair of fencer's gloves (worn) {Riposte Dex+3}
   (You found it on level 15 of the Dungeon)

   Riposte:   It allows the wearer to riposte with melee weapons, swiftly
   retaliating against missed or blocked melee attacks.
   Dex+3:     It affects your dexterity (+3).
 l - a +2 pair of boots (worn)
 K - a +2 hat (worn)
 N - the +4 buckler of Duck's Teeth (worn) {+Inv Int+3 Dex+3 Slay+5}
   (You took it off an orc sorcerer on level 1 of the Elven Halls)

   Int+3:     It affects your intelligence (+3).
   Dex+3:     It affects your dexterity (+3).
   Slay+5:    It affects your accuracy & damage with ranged weapons and melee
   (+5).
   +Inv:      It lets you turn invisible.
 U - the +2 cloak of Foestayt (worn) {+Blink rC+ rN+ Str-2}
   (You found it on level 8 of the Dungeon)

   Str-2:     It affects your strength (-2).
   rC+:       It protects you from cold.
   rN+:       It protects you from negative energy.
   +Blink:    It lets you blink.
Magical Staves
 i - a staff of death
Jewellery
 q - the ring "Heesuniu" {Ice Fly Will- Str-3 Int+10}
   (You took it off a minotaur in a Gauntlet)

   [ring of ice]

   Ice:       It enhances your ice magic.
   Str-3:     It affects your strength (-3).
   Int+10:    It affects your intelligence (+10).
   rF-:       It makes you vulnerable to fire.
   rC+:       It protects you from cold.
   Will-:     It decreases your willpower.
   Fly:       It grants you flight.
 t - the amulet of Wolichot (around neck) {Regen+ Slay+6}
   (You found it on level 3 of the Crypt)

   [amulet of regeneration]

   Slay+6:    It affects your accuracy & damage with ranged weapons and melee
   (+6).
   Regen+:    It increases your rate of health regeneration.
 C - a ring of willpower
 G - a ring of the Octopus King (right hand) {rF+ HP+2 AC+2 EV+2 SH+2}
   (You took it off a deep elf high priest on level 3 of the Elven Halls)

   [ring of protection from fire]

   AC+2:      It affects your AC (+2).
   EV+2:      It affects your evasion (+2).
   rF+:       It protects you from fire.
   HP+2:      It affects your health (+2).
   SH+2:      It affects your SH (+2).
 W - the ring "Paudgh" {Wiz Str+2 Dex+3}
   (You bought it in a shop on level 9 of the Dungeon)

   [ring of wizardry]

   Wiz:       It improves your spell success rate.
   Str+2:     It affects your strength (+2).
   Dex+3:     It affects your dexterity (+3).
 Y - a ring of poison resistance (left hand)
Wands
 v - a wand of mindburst (27)
 x - a wand of paralysis (43)
 y - a wand of flame (115)
 A - a wand of digging (46)
 M - a wand of polymorph (43)
 V - a wand of roots (48)
 Z - a wand of quicksilver (52)
Scrolls
 h - 26 scrolls of teleportation
 k - 7 scrolls of fear
 n - 8 scrolls of vulnerability
 o - 6 scrolls of amnesia
 w - a scroll of acquirement
 B - 32 scrolls of identify
 D - 10 scrolls of summoning
 E - 4 scrolls of silence
 F - 3 scrolls of fog
 P - 5 scrolls of torment
 T - 3 scrolls of blinking
Potions
 a - 6 potions of magic
 e - 10 potions of heal wounds
 f - 18 potions of curing
 j - 8 potions of haste
 m - 5 potions of resistance
 r - 14 potions of mutation
 z - 6 potions of cancellation
 H - 6 potions of brilliance
 J - 4 potions of invisibility
 O - 7 potions of enlightenment
 Q - 6 potions of might
 R - 10 potions of ambrosia
 S - 2 potions of berserk rage
Miscellaneous
 b - a phantom mirror
 g - a lightning rod (4/4)
 I - a phial of floods
 L - a box of beasts
 X - a condenser vane


   Skills:
 O Level 27 Fighting
 - Level 2.0 Short Blades
 - Level 12.0 Maces & Flails
 - Level 14.2 Dodging
 - Level 1.7 Stealth
 - Level 6.3 Shields
 - Level 19.0 Spellcasting
 - Level 4.0 Hexes
 - Level 10.0 Summonings
 O Level 27 Necromancy
 - Level 5.0 Translocations
 - Level 14.5 Ice Magic
 + Level 8.8 Evocations
 - Level 12.0 Shapeshifting


You had 8 spell levels left.
You knew the following spells:

 Your Spells              Type           Power      Damage    Failure   Level
b - Sublimation of Blood  Necr           100%       N/A       0%          2
c - Death Channel         Necr           52%        N/A       0%          6
d - Dispel Undead         Necr           100%       3d31      0%          4
e - Infestation           Necr           52%        N/A       1%          8
g - Anguish               Hex/Necr       40%        N/A       1%          4
h - Haunt                 Necr/Summ      44%        N/A       1%          7
p - Apportation           Tloc           100%       N/A       1%          1
s - Simulacrum            Ice/Necr       46%        N/A       1%          6
v - Borgnjor's Vile Clut  Necr/Erth      38%        N/A       1%          5
z - Ozocubu's Armour      Ice            79%        N/A       1%          3
D - Death's Door          Necr           52%        N/A       4%          9

Your spell library contained the following spells:

 Spells                   Type           Power      Damage    Failure   Level
 Freeze                   Ice            100%       1d10      0%          1
 Kiss of Death            Conj/Necr      100%       2d13      0%          1
 Necrotise                Necr           100%       1d9       0%          1
 Vampiric Draining        Necr           100%       2d13      0%          3
 Animate Dead             Necr           100%       N/A       0%          4
 Agony                    Necr           100%       N/A       0%          5
 Slow                     Hex            100%       N/A       1%          1
 Summon Small Mammal      Summ           100%       N/A       1%          1
 Blink                    Tloc           100%       N/A       1%          2
 Call Imp                 Summ           100%       N/A       1%          2
 Cigotuvi's Dreadful Rot  Necr/Pois/Air  100%       N/A       1%          2
 Ensorcelled Hibernation  Hex/Ice        100%       N/A       1%          2
 Jinxbite                 Hex            90%        N/A       1%          2
 Lesser Beckoning         Tloc           100%       N/A       1%          2
 Momentum Strike          Conj/Tloc      74%        3d10      1%          2
 Call Canine Familiar     Summ           67%        N/A       1%          3
 Frozen Ramparts          Ice            100%       1d16      1%          3
 Gell's Gravitas          Tloc           50%        N/A       1%          3
 Hailstorm                Conj/Ice       58%        3d13      1%          3
 Summon Guardian Golem    Hex/Summ       57%        N/A       1%          3
 Teleport Other           Tloc           50%        N/A       1%          3
 Tukima's Dance           Hex            45%        N/A       1%          3
 Metabolic Englaciation   Hex/Ice        32%        N/A       1%          5
 Borgnjor's Revivificati  Necr           52%        N/A       1%          8
 Magic Dart               Conj           96%        1d7       2%          1
 Sandblast                Erth           48%        2d12      2%          1
 Shock                    Conj/Air       96%        1d9       2%          1
 Sting                    Tmut/Pois      96%        1d7       2%          1
 Volatile Blastmotes      Fire/Tloc      74%        2d16      2%          3
 Inner Flame              Hex/Fire       35%        N/A       3%          3
 Manifold Assault         Tloc           50%        N/A       3%          4
 Passage of Golubria      Tloc           50%        N/A       3%          4
 Summon Lightning Spire   Summ/Air       50%        N/A       3%          4
 Summon Forest            Summ/Tloc      29%        N/A       3%          5
 Passwall                 Tmut/Erth      20%        N/A       4%          2
 Poisonous Vapours        Pois/Air       48%        N/A       4%          2
 Scorch                   Fire           48%        2d7       4%          2
 Static Discharge         Conj/Air       48%        3-5/arc   4%          2
 Wereblood                Tmut           24%        N/A       4%          2
 Cause Fear               Hex            22%        N/A       4%          4
 Summon Mana Viper        Hex/Summ       57%        N/A       4%          5
 Ozocubu's Refrigeration  Ice            39%        4d16      6%          7
 Summon Cactus Giant      Summ           33%        N/A       7%          6
 Ignite Poison            Fire/Tmut/Pois 24%        N/A       8%          3
 Mephitic Cloud           Conj/Pois/Air  24%        N/A       8%          3
 Stone Arrow              Conj/Erth      48%        3d10      8%          3
 Swiftness                Air            24%        N/A       8%          3
 Iskenderun's Mystic Bla  Conj/Tloc      37%        2d9       10%         4
 Vhi's Electric Charge    Tloc/Air       74%        N/A       10%         4
 Freezing Cloud           Conj/Ice/Air   24%        6-21      10%         5
 Leda's Liquefaction      Hex/Erth       17%        N/A       12%         4
 Airstrike                Air            12%        2d(2-18)  26%         4
 Brom's Barrelling Bould  Conj/Erth      24%        2d5       26%         4
 Flame Wave               Conj/Fire      24%        2d8       26%         4
 Sticky Flame             Conj/Fire      24%        2d5       26%         4
 Yara's Violent Unravell  Hex/Tmut       17%        3d8       32%         5
 Dispersal                Tloc           25%        N/A       45%         6
 Alistair's Intoxication  Tmut/Pois      16%        N/A       58%         5
 Arcjolt                  Conj/Air       12%        1d22      58%         5
 Fireball                 Conj/Fire      12%        3d7       58%         5
 Irradiate                Conj/Tmut      12%        3d15      58%         5
 Iskenderun's Battlesphe  Conj           24%        2d8       58%         5
 Lee's Rapid Deconstruct  Erth           12%        3d8*      58%         5
 Malign Gateway           Summ/Tloc      29%        N/A       71%         7
 Spellforged Servitor     Conj/Summ      25%        N/A       96%         7
 Summon Horrible Things   Summ           33%        N/A       96%         8
 Bombard                  Conj/Erth      12%        9d3       99%         6
 Conjure Ball Lightning   Conj/Air       12%        3x3d6     99%         6
 Eringya's Noxious Bog    Tmut/Pois      12%        4d6       99%         6
 Plasma Beam              Fire/Air       12%        2x1d23    99%         6
 Enfeeble                 Hex            22%        N/A       99%         7
 Orb of Destruction       Conj           12%        9d7       100%        7
 Discord                  Hex            22%        N/A       100%        8
 Disjunction              Tloc           25%        N/A       100%        8
 Ignition                 Fire           12%        3d6       100%        8
 Lehudib's Crystal Spear  Conj/Erth      12%        10d4      100%        8
 Dragon's Call            Summ           33%        N/A       100%        9
 Fire Storm               Conj/Fire      12%        8d3       100%        9
 Polar Vortex             Ice            39%        12d5*     100%        9
 Shatter                  Erth           12%        3d13*     100%        9
 Animate Armour           Summ/Erth      Unusable   N/A       N/A         4

Dungeon Overview and Level Annotations

Branches:
Dungeon (15/15)            Temple (1/1) D:4            Lair (5/5) D:10
  Swamp (4/4) Lair:3       Spider (4/4) Lair:3        Slime (0/5) Lair:5
    Orc (2/2) D:11            Elf (3/3) Orc:2        Vaults (5/5) D:13
  Crypt (3/3) Vaults:2       Tomb (0/3) Crypt:3      Depths (4/4) D:15
    Zot (5/5) Depths:4     WizLab (visited)         Gauntlet (visited)

Altars:
Ashenzari
Cheibriados
Dithmenos
Elyvilon
Fedhas
Gozag
Hepliaklqana
Kikubaaqudgha
Makhleb
Nemelex Xobeh
Okawaru
Qazlal
Ru
Sif Muna
Trog
Uskayaw
Vehumet
Wu Jian
Xom
Yredelemnul
Zin
The Shining One

Shops:
D:4 *   D:9 =   Orc:2 :(*[   Elf:1 [[   Zot:4 *   Depths:1 =:=:[

Portals:
Hell: Depths:1 Depths:2 Depths:3 Depths:4
Abyss: Depths:1 Depths:2 Depths:3
Pandemonium: Depths:1 Depths:2
Ziggurat: Depths:2
Trove: D:13 (give +5 demon trident)

Annotations:
D:13 3 runed translucent doors, arthad's ghost, journeyman VSBe
Lair:1 exclusion: oklob plant
Lair:3 1 runed translucent door, Shayle's ghost, journeyman OgHs
Elf:1 6 runed translucent doors
Elf:2 3 runed translucent doors, exclusions: 2 ice statues and orange crystal statue
Elf:3 Roxanne
Vaults:4 1 transporter
Zot:5 exclusion: obsidian statue


Innate Abilities, Weirdness & Mutations

You are a creature with a mouth for a stomach.
Your midsection houses a second, enormous mouth.
You can breathe bolts of dispelling energy.
Your rich purple scales are hard. (AC +12)
You cannot fit into any form of body armour.
You are cold-blooded and may be slowed by cold attacks.
You have large cloven feet.
You are agile. (Dex +4, Str/Int -1)
You are weak. (Str -2)


Message History

(V) Vaults (C) Crypt (W) Tomb (U) Depths (H) Hell (Z) Zot
Where to? (Tab/Enter - D:1 @ (x,y), ? - help)
There is a stone staircase leading up here.
HP restored.
You climb upwards.
There is a stone staircase leading down here.
You see here a +2 heavy falchion.
(D) Dungeon (T) Temple (L) Lair (S) Swamp (N) Spider Nest (M) Slime Pits (O) Orcish Mines (E) Elven Halls (V) Vaults (C) Crypt (W) Tomb (U) Depths (H) Hell (Z) Zot
Where to? (Tab/Enter - D:1 @ (x,y), ? - help)
You see here a +0 short sword.
Things that are here:
a +0 whip; a +0 whip You see here a +0 club.
Things that are here:
a +0 ring mail; a +0 hand axe
There is an open door here.
There is an open door here.
There is a stone staircase leading up here.
You climb upwards.
There is a stone staircase leading down here.
There is a stone staircase leading up here.
You climb upwards.
There is a stone staircase leading down here.
There is a stone staircase leading up here.
You climb upwards.
There is a stone staircase leading down here.
There is an open door here.
There is a stone staircase leading up here.
You climb upwards.
There is a stone staircase leading down here.
You see here a +0 robe.
A reaper comes into view. It is wielding a +1 scythe of venom.
There is an open door here.
A green death comes into view.
There is a staircase leading out of the dungeon here.
You have escaped!

#...#~.~#≈§§#
#...#~2~#≈≈.#
#...#~.~#§..#
#...#...#...#
#...........#
#...........#
#...........#
#...........#
#2....W.....#
#...........#
#############


You could see a reaper and a green death.

Vanquished Creatures
  A dread lich (Vaults:1)
  2 ancient liches
  A juggernaut (Depths:3)
  A Killer Klown (Zot:4)
  Margery (Crypt:1)
  Bai Suzhen (Depths:2)
  3 curse toes
  A caustic shrike (Depths:2)
  6 golden dragons
  Jory (Crypt:3)
  Nikola (Elf:1)
  Arachne (Spider:2)
  A bone dragon (Crypt:3)
  A pandemonium lord (Depths:4)
  Zenata (Elf:1)
  A walking crystal tome (Depths:3)
  2 liches
  3 Orb Guardians (Zot:5)
  7 tentacled monstrosities
  Jorgrun (D:13)
  3 deep elf blademasters (Elf:3)
  2 deep elf master archers (Elf:3)
  2 quicksilver dragons
  4 titans
  4 sphinxes
  A tentacled starspawn (WizLab)
  2 Executioners
  7 ancient champions
  5 death cobs
  An eldritch tentacle (WizLab)
  Agnes (Spider:1)
  4 draconian monks
  6 storm dragons
  7 shadow dragons
  6 tengu reavers
  Donald (Spider:4)
  2 draconian knights
  A revenant (Crypt:3)
  4 iron dragons
  20 vault wardens
  3 fire giants
  A ghost moth (Zot:3)
  A draconian scorcher (Zot:3)
  16 frost giants
  3 deep elf sorcerers (Elf:3)
  3 emperor scorpions
  5 curse skulls
  5 deep elf elementalists
  3 orc warlords
  2 draconian shifters
  9 ghouls
  6 very ugly things
  2 draconian stormcallers (Zot:3)
  A formless jellyfish (Vaults:1)
  3 draconian annihilators (Zot:3)
  18 ironbound preservers
  3 spriggan defenders
  3 war gargoyles
  3 ironbound thunderhulks
  15 stone giants
  An eleionoma (Swamp:2)
  8 deep elf demonologists
  2 reapers
  2 green draconians
  4 broodmothers
  3 black draconians
  9 dire elephants
  4 bunyips
  9 vampire knights
  2 purple draconians
  2 yellow draconians
  5 spark wasps
  A minotaur (shapeshifter) (Vaults:5)
  13 red draconians
  11 deep elf annihilators
  A minotaur (Gauntlet)
  2 white draconians
  8 eidola
  13 ettins
  8 deep elf death magi
  5 deep elf high priests
  A crystal guardian (Vaults:3)
  4 fire dragons
  5 jiangshi (Crypt:3)
  Josephine (Spider:1)
  3 spriggan zombies
  An entropy weaver (shapeshifter) (Elf:2)
  An elf zombie (Crypt:1)
  10 great orbs of eyes
  18 yaktaur captains
  2 entropy weavers
  3 peacekeepers
  24 vault guards
  The ghost of RandomusNamus the Blocker, a journeyman FoFi of Okawaru (D:10)
  4 rakshasas
  7 ice dragons
  A hell beast (Depths:4)
  5 hydras
  3 spriggan skeletons
  4 ogre magi
  4 spriggan air magi
  An alligator (shapeshifter) (Vaults:5)
  7 boulder beetles
  6 two-headed ogres
  7 alligators
  A death knight (Crypt:2)
  12 centaur warriors
  8 ironbound frosthearts
  4 tengu warriors
  5 vampire magi
  4 deep troll earth magi
  6 death yaks
  3 radroaches
  17 dancing weapons
  A sphinx skeleton (Depths:1)
  6 spriggan berserkers
  2 deep troll shamans (Depths:2)
  A bennu skeleton (Crypt:2)
  Urug (D:13)
  2 sun demons (Depths:4)
  4 hell knights
  3 orc high priests
  2 thrashing horrors (WizLab)
  2 soul eaters
  3 demonic crawlers
  13 deep elf knights
  An occultist (Gauntlet)
  2 skysharks
  3 goliath frogs
  4 pharaoh ants
  2 spriggan riders
  3 shadow wraiths
  A sixfirhy (WizLab)
  Lodul (D:13)
  19 skeletal warriors
  4 iron trolls
  12 phantasmal warriors
  A shadow demon (Depths:4)
  4 bog bodies
  5 spriggan druids
  5 flayed ghosts
  3 anaconda skeletons
  A glowing orange brain (shapeshifter) (Depths:3)
  Pikel (D:9)
  42 deep trolls
  4 steelbarb worms
  An obsidian statue (WizLab)
  11 ironbound convokers
  16 deep elf archers
  2 lindwurms
  6 necromancers
  9 arcanists
  6 orc knights
  A mana viper (WizLab)
  A swamp dragon (Vaults:3)
  A jorogumo zombie (Crypt:3)
  2 stone giant zombies
  18 deep elf pyromancers
  18 deep elf zephyrmancers
  5 orc sorcerers
  19 ugly things
  4 cyclopes
  A faun (shapeshifter) (Vaults:5)
  8 wolf spiders
  4 manticores
  4 worldbinders (WizLab)
  A cyclops (shapeshifter) (Vaults:5)
  A centaur zombie (Crypt:1)
  8 moths of wrath
  4 will-o-the-wisps
  A human skeleton (WizLab)
  The ghost of Maxmaps the Sneak, a novice OpSh (D:6)
  11 elephants
  The ghost of sammy202020 the Covered, a novice AtBe of Trog (D:5)
  A dire elephant zombie (Crypt:3)
  A smoke demon (Lair:1)
  Maurice (D:9)
  A shock serpent zombie (Crypt:2)
  A water nymph (shapeshifter) (Vaults:5)
  An ice statue (Spider:2)
  4 black mambas
  3 molten gargoyles (D:15)
  A torpor snail (Spider:1)
  2 gargoyles
  A minotaur zombie (Crypt:1)
  20 vault sentinels
  An orange demon (Zot:4)
  A catoblepas zombie (Crypt:1)
  3 rime drakes
  18 cane toads
  An unseen horror (D:13)
  43 yaktaurs
  An ice devil (Gauntlet)
  An unseen horror skeleton (Crypt:3)
  2 efreet
  2 tengu conjurers
  13 freezing wraiths
  8 komodo dragons
  A mana viper zombie (Crypt:3)
  An ancient zyme (WizLab)
  A guardian mummy (Crypt:3)
  A queen bee (shapeshifter) (Orc:2)
  A grey draconian skeleton (Crypt:3)
  A minotaur skeleton (Crypt:3)
  A tyrant leech (shapeshifter) (Depths:1)
  15 tyrant leeches
  A green draconian skeleton (Crypt:1)
  19 tarantellas
  4 trolls
  8 hornets
  19 blink frogs
  2 ettin zombies (Crypt:1)
  A tarantella (shapeshifter) (D:15)
  A polar bear (Lair:3)
  A glass eye (shapeshifter) (Depths:3)
  5 glass eyes
  A satyr zombie (Crypt:2)
  2 dream sheep (Lair:5)
  Sigmund (D:4)
  A dream sheep (shapeshifter) (Vaults:1)
  15 slime creatures
  5 culicivoras
  2 shadows
  An air elemental (Elf:1)
  7 flying skulls (Crypt:3)
  15 jumping spiders
  A centaur simulacrum (D:14)
  2 ynoxinuls (WizLab)
  6 spriggans
  A black mamba zombie (Crypt:1)
  6 wyverns
  50 yaks
  10 wraiths
  2 ettin skeletons
  Eustachio (D:4)
  2 water elementals
  19 fire elementals
  6 basilisks
  A redback (shapeshifter) (Depths:2)
  A chaos spawn (WizLab)
  3 swamp worm simulacra (Swamp:4)
  32 redbacks
  2 steam dragons
  22 vampire mosquitoes
  Edmund (D:4)
  13 swamp worms
  5 wargs
  A harpy simulacrum (Crypt:1)
  4 acid dragons
  11 hydra simulacra (Swamp:4)
  4 spatial vortices (WizLab)
  A water moccasin (shapeshifter) (Vaults:3)
  A deep troll skeleton (Crypt:2)
  A faun skeleton (Crypt:2)
  2 large abominations (WizLab)
  13 water moccasins
  A demonspawn skeleton (Crypt:1)
  A water nymph skeleton (Crypt:1)
  2 swamp drakes
  3 ice beasts
  36 orc warriors
  2 sky beasts (D:7)
  A black bear (D:7)
  An elephant zombie (Crypt:1)
  11 ogres
  5 boggarts
  A snapping turtle skeleton (Crypt:1)
  6 wolves
  8 centaurs
  3 starcursed masses (WizLab)
  14 bullfrogs
  3 earth elementals
  4 scorpions
  2 necrophages
  A gnoll sergeant (D:13)
  A draconian skeleton (Crypt:1)
  3 wights (D:10)
  5 killer bees
  The ghost of jakobj the Sneak, a weakling DsBr (D:3)
  3 jellies
  An electric eel (Lair:3)
  3 howler monkeys (D:9)
  A crimson imp (WizLab)
  A gnoll bouda (D:7)
  3 hounds
  21 orc priests
  A sleepcap (D:7)
  3 iguanas
  31 orc wizards
  11 mummies (Crypt:3)
  Robin (D:2)
  2 gnolls
  9 adders
  4 shadow imps
  8 white imps
  2 ufetubi (D:5)
  3 swamp drake simulacra (Swamp:4)
  An adder zombie (Crypt:1)
  3 worms
  3 dart slugs
  77 orcs
  4 endoplasms (D:1)
  2 giant cockroaches
  15 goblins
  7 hobgoblins
  4 jackals (D:4)
  12 kobolds
  2 quokkas (D:1)
  7 ball pythons
  5 bats
  A frilled lizard (D:1)
  A goblin zombie (Crypt:3)
  A kobold skeleton (Crypt:2)
  An orc skeleton (Crypt:3)
  A quokka skeleton (Crypt:1)
  A quokka zombie (Crypt:2)
  7 rats
  A butterfly (Lair:4)
  A starspawn tentacle (WizLab)
1712 creatures vanquished.

Vanquished Creatures (collateral kills)
  An orb of fire (Zot:4)
  A juggernaut (Depths:2)
  A curse toe (Zot:5)
  2 Killer Klowns (Zot:4)
  2 caustic shrikes (Depths:2)
  6 golden dragons
  2 bone dragons
  Norris (Elf:1)
  3 titans
  5 tentacled monstrosities
  4 Orb Guardians (Zot:5)
  2 liches
  A walking crystal tome (Depths:3)
  A Hell Sentinel (Depths:2)
  3 walking divine tomes (Depths:2)
  A quicksilver dragon (Zot:3)
  6 sphinxes
  An Executioner (Depths:1)
  An ancient champion (Crypt:3)
  A thorn hunter (Swamp:3)
  3 storm dragons
  3 tengu reavers
  A fenstrider witch (Swamp:4)
  2 revenants (Crypt:3)
  5 shadow dragons
  An azure jelly (Swamp:4)
  4 draconian monks
  2 fire giants
  5 frost giants
  5 vault wardens
  2 draconian knights
  A draconian scorcher (Zot:4)
  6 emperor scorpions
  A deep elf sorcerer (Elf:1)
  An iron dragon (Vaults:5)
  2 balrugs (Depths:4)
  A deep elf elementalist (Elf:3)
  Louise (Spider:4)
  A draconian shifter (Zot:5)
  A broodmother (Spider:1)
  An orc warlord (Vaults:3)
  5 ironbound preservers
  2 draconian annihilators (Zot:4)
  A draconian stormcaller (Zot:3)
  A spriggan defender (Depths:2)
  A war gargoyle (Vaults:3)
  8 very ugly things
  3 vampire knights
  3 green draconians
  10 stone giants
  2 black draconians (Zot:3)
  3 eleionomae
  2 white draconians (Zot:4)
  2 deep elf demonologists
  7 dire elephants
  4 deep elf annihilators
  4 purple draconians (Zot:4)
  3 spark wasps
  5 yellow draconians
  2 red draconians
  A bunyip (Swamp:2)
  An eidolon (WizLab)
  2 ettins
  4 deep elf death magi
  5 entropy weavers
  An ettin (shapeshifter) (Vaults:3)
  4 fire dragons
  A shambling mangrove (Swamp:4)
  6 yaktaur captains
  8 ice dragons
  4 rakshasas
  2 spriggan air magi (Depths:2)
  A hell beast (Depths:4)
  A ghost crab (Swamp:2)
  15 vault guards
  3 radroaches
  2 ogre magi
  3 ironbound frosthearts
  2 alligators
  A dancing weapon (Elf:1)
  2 boulder beetles
  A two-headed ogre (Vaults:4)
  3 deep troll shamans
  2 vampire magi (Crypt:3)
  6 centaur warriors
  7 deep troll earth magi
  4 spriggan berserkers
  A death yak (Lair:2)
  4 tengu warriors
  6 demonic crawlers
  A sun demon (Depths:4)
  2 occultists
  2 hell knights
  2 skeletal warriors
  3 pharaoh ants
  6 iron trolls
  A fire crab (shapeshifter) (Vaults:3)
  A shadow wraith (Vaults:2)
  A skyshark (Elf:1)
  30 deep trolls
  A sun moth (Spider:4)
  4 swamp dragons
  4 goliath frogs
  A death drake (Swamp:3)
  A starcursed mass (WizLab)
  A flayed ghost (Depths:3)
  A bog body (Swamp:2)
  A spriggan druid (Swamp:2)
  5 orb spiders
  A glowing orange brain (D:13)
  2 deep elf archers
  4 ironbound convokers
  An arcanist (Vaults:2)
  3 phantasmal warriors
  An orange crystal statue (Zot:2)
  A lindwurm (shapeshifter) (Depths:2)
  A steelbarb worm (shapeshifter) (D:14)
  7 steelbarb worms
  4 deep elf zephyrmancers
  A deep elf pyromancer (D:13)
  10 ugly things
  A wolf spider (Spider:4)
  3 moths of wrath
  3 oklob plants (Zot:2)
  A manticore (D:13)
  2 elephants
  A will-o-the-wisp (Swamp:4)
  3 black mambas
  7 vault sentinels
  2 cane toads
  A molten gargoyle (D:15)
  An orange demon (Lair:1)
  2 freezing wraiths (Swamp:4)
  16 yaktaurs
  2 tengu conjurers
  3 meliai (Spider:4)
  7 tyrant leeches
  A queen bee (shapeshifter) (Vaults:3)
  2 polar bears (Lair:2)
  4 hornets
  A glass eye (Depths:3)
  15 tarantellas
  A troll (Orc:1)
  3 dream sheep (Lair:5)
  6 blink frogs (Lair:5)
  5 culicivoras
  6 jumping spiders
  3 slime creatures
  A wyvern (D:7)
  6 spriggans
  6 fire elementals (Zot:3)
  5 yaks
  4 vampire mosquitoes
  A golden eye (shapeshifter) (Vaults:5)
  24 redbacks
  2 swamp worm simulacra (Swamp:4)
  A spatial vortex (WizLab)
  A warg (Orc:1)
  8 swamp worms
  3 hydra simulacra (Swamp:4)
  2 water moccasins
  A swamp drake (Swamp:1)
  7 orc warriors
  An ogre (Orc:2)
  2 wolves (Lair:2)
  A kobold brigand (D:7)
  A bullfrog (Lair:5)
  6 killer bees
  4 lightning spires (Zot:2)
  2 orc wizards (Orc:2)
  A mummy (Crypt:3)
  A white imp (D:7)
  15 orcs
  A frilled lizard (shapeshifter) (D:13)
  A kobold (D:7)
  2 butterflies
581 creatures vanquished.

Vanquished Creatures (others)
  2 caustic shrikes
  3 golden dragons
  A quicksilver dragon (Zot:4)
  A sphinx (Depths:2)
  2 tengu reavers
  A frost giant (Depths:1)
  2 draconian knights (Zot:3)
  2 draconian scorchers (Zot:4)
  A deep elf elementalist (Elf:3)
  A stone giant (Depths:2)
  A spark wasp (Depths:1)
  A white draconian (Zot:3)
  4 ettins
  2 ice dragons (Depths:2)
  A hydra (Swamp:2)
  A deep troll shaman (Depths:2)
  2 hell knights (Crypt:1)
  A deep elf knight (Elf:3)
  A goliath frog (Swamp:3)
  An orb spider (Spider:4)
  A swamp dragon (Swamp:3)
  A deep elf archer (Elf:3)
  An ironbound convoker (Vaults:2)
  2 deep elf zephyrmancers (Elf:3)
  A cyclops (D:13)
  A moth of wrath (Zot:4)
  A manticore (D:14)
  A tengu conjurer (Depths:2)
  4 bloated husks
  A hornet (D:9)
  2 tarantellas (Spider:4)
  2 dream sheep (Lair:5)
  A spriggan (shapeshifter) (D:14)
  A jumping spider (Spider:1)
  A yak (Lair:1)
  2 culicivoras
  A wyvern (Lair:2)
  A basilisk (D:14)
  A fire elemental (Zot:3)
  A redback (Spider:1)
  2 cane toad zombies (Lair:5)
  3 blink frog zombies (Lair:5)
  An elephant zombie (Lair:2)
  2 wolves (Lair:1)
  A komodo dragon zombie (Lair:2)
  A wyvern zombie (D:10)
  A scorpion (D:10)
  12 yak zombies
  4 killer bees
  A wolf zombie (Lair:1)
  3 bullfrog zombies
  2 orc priests (D:9)
  An orc wizard (D:9)
  2 killer bee zombies (D:10)
  A gnoll (D:7)
  3 orcs
  An endoplasm (D:13)
  2 kobolds (D:7)
  A gnoll zombie (D:7)
  A goblin (D:10)
  A goblin zombie (D:10)
  20 orc zombies
  A rat (D:13)
  20 foxfires
  2 starspawn tentacles (WizLab)
147 creatures vanquished.

Grand Total: 2440 creatures vanquished

Notes
Turn   | Place    | Note
-------+----------+-------------------------------------------
     0 | D:1      | Midn8 the Draconian Necromancer began the quest for the
                  | Orb.
     0 | D:1      | Reached XP level 1. HP: 14/14 MP: 3/3
   319 | D:1      | Reached XP level 2. HP: 20/20 MP: 3/5
  1446 | D:2      | Reached XP level 3. HP: 26/26 MP: 3/7
  2161 | D:2      | Noticed Robin
  2274 | D:2      | Killed Robin
  2275 | D:2      | Reached XP level 4. HP: 30/33 MP: 3/10
  2279 | D:2      | Learned a level 3 spell: Vampiric Draining
  3099 | D:3      | Found a runed translucent door.
  3108 | D:3      | Noticed jakobj's ghost (weakling DsBr)
  3280 | D:3      | Found a runed translucent door.
  3859 | D:4      | Noticed Sigmund
  3867 | D:4      | Killed Sigmund
  3868 | D:4      | Reached XP level 5. HP: 28/38 MP: 3/11
  3868 | D:4      | Reached XP level 6. HP: 33/45 MP: 3/12
  4039 | D:4      | Noticed Edmund
  4283 | D:4      | Found a staircase to the Ecumenical Temple.
  4311 | D:4      | Reached skill level 1 in Fighting
  4397 | Temple   | Entered the Ecumenical Temple
  4434 | Temple   | Became a worshipper of Kikubaaqudgha
  4775 | D:4      | Found Roatz's Assorted Antiques.
  4791 | D:4      | Bought 2 scrolls of teleportation for 168 gold pieces
  4966 | D:4      | Noticed Eustachio
  4976 | D:4      | Killed Eustachio
  5111 | D:5      | Entered Level 5 of the Dungeon
  5153 | D:5      | Noticed an ice beast
  5233 | D:5      | Killed an ice beast
  5234 | D:5      | Your scales start taking on a rich purple colour.
  5234 | D:5      | Reached XP level 7. HP: 59/59 MP: 14/14
  5668 | D:5      | Reached * piety under Kikubaaqudgha
  5668 | D:5      | Received a gift from Kikubaaqudgha
  5686 | D:5      | Learned a level 2 spell: Sublimation of Blood
  5713 | D:5      | Learned a level 4 spell: Animate Dead
  5779 | D:5      | Reached skill level 1 in Evocations
  5862 | D:5      | Reached skill level 5 in Spellcasting
  5862 | D:5      | Reached XP level 8. HP: 67/67 MP: 13/15
  6048 | D:5      | Found a runed translucent door.
  6048 | D:5      | Noticed sammy202020's ghost (novice AtBe)
  6529 | D:6      | Noticed a hornet
  6537 | D:6      | Killed a hornet
  6558 | D:6      | Reached skill level 1 in Short Blades
  6888 | D:6      | Learned a level 4 spell: Anguish
  6971 | D:6      | Found a runed translucent door.
  7221 | D:6      | Reached skill level 1 in Hexes
  7737 | D:6      | Noticed Maxmaps's ghost (novice OpSh)
  7971 | D:7      | Reached XP level 9. HP: 67/78 MP: 6/16
  8182 | D:7      | Reached ** piety under Kikubaaqudgha
  8794 | D:8      | Reached skill level 1 in Maces & Flails
  8893 | D:8      | Found a hide-covered altar of Uskayaw.
  9109 | D:8      | Identified the +2 cloak of Foestayt {+Blink rC+ rN+ Str-2}
  9726 | D:9      | Noticed Maurice
  9867 | D:9      | Killed Maurice
  9993 | D:9      | Found Ryixzac's Jewellery Boutique.
 10335 | D:9      | Identified the +7 falchion of Forgiveness {drain, *Slow rN+
                  | Dex+2}
 10510 | D:9      | Noticed Pikel
 10531 | D:9      | Killed Pikel
 10532 | D:9      | Reached skill level 5 in Shapeshifting
 10532 | D:9      | Reached XP level 10. HP: 75/88 MP: 2/17
 10691 | D:9      | Reached *** piety under Kikubaaqudgha
 10691 | D:9      | Received a gift from Kikubaaqudgha
 10796 | D:9      | Learned a level 4 spell: Dispel Undead
 11070 | D:10     | Entered Level 10 of the Dungeon
 11618 | D:10     | Found a runed translucent gate.
 11618 | D:10     | Found a runed translucent gate.
 11618 | D:10     | Found a runed translucent gate.
 11619 | D:10     | Noticed RandomusNamus's ghost (journeyman FoFi)
 11676 | D:10     | Noticed a two-headed ogre
 11711 | D:10     | Killed a two-headed ogre
 11892 | D:10     | Found a staircase to the Lair.
 12393 | Gauntlet | Identified the "Silun"
 12393 | Lair:1   | Entered Level 1 of the Lair of Beasts
 12570 | Lair:1   | You fall into a shaft and drop 1 floor!
 12606 | Lair:2   | Noticed a death yak
 12606 | Lair:2   | Noticed a death yak
 12624 | Lair:2   | Noticed a death yak
 12625 | Lair:2   | Noticed a death yak
 12627 | Lair:2   | Noticed a death yak
 12627 | Lair:2   | Noticed a death yak
 12888 | Lair:2   | Reached XP level 11. HP: 93/94 MP: 9/18
 12971 | Lair:2   | Reached skill level 10 in Shapeshifting
 12999 | Lair:2   | Reached skill level 5 in Maces & Flails
 13593 | Lair:1   | Reached **** piety under Kikubaaqudgha
 13594 | Lair:1   | Reached skill level 10 in Fighting
 13705 | Lair:1   | Noticed Amaemon
 13820 | Lair:1   | Amaemon changed into Amaemon the smoke demon
 13820 | Lair:1   | Noticed Amaemon
 13826 | Lair:1   | Killed Amaemon the smoke demon
 13910 | Lair:1   | Found a hazy altar of Hepliaklqana.
 14113 | Lair:1   | Noticed an oklob plant
 14116 | Lair:1   | Learned a level 1 spell: Apportation
 14351 | Lair:1   | Reached XP level 12. HP: 58/106 MP: 3/19
 15073 | Lair:2   | Killed a death yak
 15086 | Lair:2   | Killed a death yak
 15095 | Lair:2   | Killed a death yak
 15096 | Lair:2   | Reached skill level 10 in Maces & Flails
 15105 | Lair:2   | Killed a death yak
 15111 | Lair:2   | Killed a death yak
 15118 | Lair:2   | Killed a death yak
 15731 | Lair:3   | Reached skill level 10 in Necromancy
 15871 | Lair:3   | Reached skill level 5 in Evocations
 16030 | Lair:3   | Found a runed translucent door.
 16031 | Lair:3   | Noticed Shayle's ghost (journeyman OgHs)
 16032 | Lair:3   | Identified the +3 spear "Zeogh" {heavy, *Noise rN+ Will++
                  | Str-2}
 16139 | Lair:3   | Noticed a death yak
 16184 | Lair:3   | Killed a death yak
 16196 | Lair:3   | Reached ***** piety under Kikubaaqudgha
 16221 | Lair:3   | Reached XP level 13. HP: 91/113 MP: 23/23
 16525 | Lair:3   | Found a staircase to the Swamp.
 16606 | Lair:3   | Found a hole to the Spider Nest.
 17337 | D:3      | Killed jakobj's ghost
 17407 | D:4      | Killed Edmund
 17553 | D:5      | Killed sammy202020's ghost
 17707 | D:10     | Killed RandomusNamus's ghost
 17961 | D:6      | Killed Maxmaps's ghost
 18051 | D:9      | Learned a level 3 spell: Ozocubu's Armour
 18051 | D:9      | Bought the ring "Paudgh" {Wiz Str+2 Dex+3} for 570 gold
                  | pieces
 18192 | Lair:4   | Reached skill level 1 in Ice Magic
 19367 | Lair:5   | Entered Level 5 of the Lair of Beasts
 19387 | Lair:5   | Reached skill level 5 in Ice Magic
 20226 | Lair:5   | Reached ****** piety under Kikubaaqudgha
 20257 | Lair:5   | Learned a level 6 spell: Simulacrum
 20519 | Lair:5   | Reached XP level 14. HP: 122/122 MP: 27/27
 21127 | Lair:5   | Gained mutation: You occasionally lose the ability to read
                  | scrolls when taking damage. [potion of mutation]
 21127 | Lair:5   | Gained mutation: You have large cloven feet. [potion of
                  | mutation]
 21127 | Lair:5   | Gained mutation: You have supernaturally acute eyesight.
                  | (SInv) [potion of mutation]
 21128 | Lair:5   | Lost mutation: You have large cloven feet. [potion of
                  | mutation]
 21128 | Lair:5   | Lost mutation: You occasionally lose the ability to read
                  | scrolls when taking damage. [potion of mutation]
 21128 | Lair:5   | Lost mutation: You have supernaturally acute eyesight.
                  | (SInv) [potion of mutation]
 21128 | Lair:5   | Gained mutation: You have large cloven feet. [potion of
                  | mutation]
 21128 | Lair:5   | Gained mutation: You are agile. (Dex +4, Str/Int -1)
                  | [potion of mutation]
 21156 | Lair:5   | Found a staircase to the Slime Pits.
 21649 | D:9      | Bought an amulet of reflection for 360 gold pieces
 21660 | D:9      | Identified a +4 demon whip of pain (a +2 demon whip of
                  | venom bloodied by Kikubaaqudgha)
 21660 | D:9      | Received a gift from Kikubaaqudgha
 22200 | D:11     | Found a sacrificial altar of Ru.
 22707 | D:11     | Found a staircase to the Orcish Mines.
 23588 | Orc:1    | Entered Level 1 of the Orcish Mines
 23979 | Orc:1    | You fall into a shaft and drop 1 floor!
 23979 | Orc:2    | Entered Level 2 of the Orcish Mines
 24113 | Orc:2    | Found a staircase to the Elven Halls.
 24313 | Orc:2    | Noticed an orc warlord
 24444 | Orc:1    | Killed an orc warlord
 25008 | Orc:2    | Found Yfitisur's Antique Armour Emporium.
 25010 | Orc:2    | Found Fazoagirr's General Store.
 25078 | Orc:2    | Bought a pair of glowing gloves for 187 gold pieces
 25100 | Orc:2    | Found Woemupo's Antique Weapon Emporium.
 25116 | Orc:2    | Found Doorphala's Book Emporium.
 26477 | D:13     | Found a runed translucent gate.
 26477 | D:13     | Noticed Urug
 26478 | D:13     | Found a runed translucent gate.
 26484 | D:13     | Killed Urug
 26545 | D:13     | Found a runed translucent gate.
 26637 | D:13     | Noticed Lodul
 26673 | D:13     | Killed Lodul
 26681 | D:13     | Noticed an ironbound preserver
 26701 | D:13     | Killed an ironbound preserver
 26805 | D:13     | Found a gate to the Vaults.
 27448 | D:13     | Found a portal to a secret trove of treasure.
 27448 | D:13     | Noticed Jorgrun
 27467 | D:13     | Killed Jorgrun
 27468 | D:13     | Reached XP level 15. HP: 69/137 MP: 11/28
 29073 | D:14     | Reached skill level 5 in Dodging
 29574 | D:15     | Entered Level 15 of the Dungeon
 29610 | D:15     | Found a gate leading to a gauntlet.
 29617 | Gauntlet | Entered a Gauntlet
 29617 | Gauntlet | Found a transporter.
 29617 | Gauntlet | Found a transporter.
 29617 | Gauntlet | Found a runed translucent door.
 29619 | Gauntlet | Found a transporter.
 29619 | Gauntlet | Found a transporter.
 29621 | Gauntlet | Found a runed translucent door.
 29651 | Gauntlet | Found a transporter.
 29653 | Gauntlet | Found a transporter.
 29653 | Gauntlet | Found a transporter.
 29655 | Gauntlet | Found a transporter.
 29665 | Gauntlet | Found a transporter.
 29681 | Gauntlet | Found a transporter.
 29691 | Gauntlet | Found a transporter.
 29741 | Gauntlet | Found a transporter.
 29761 | Gauntlet | Found a transporter.
 29763 | Gauntlet | Found a runed translucent gate.
 29763 | Gauntlet | Found a runed translucent gate.
 29763 | Gauntlet | Found a runed translucent gate.
 29774 | Gauntlet | Found a transporter.
 30047 | Gauntlet | Identified the +1 hat of Xeameppa {Fly rF- Int+2 SInv}
 30060 | Gauntlet | Identified the staff "Cajaul" {rC+ Int+5 Ice}
 30060 | Gauntlet | Identified the ring "Heesuniu" {Ice Fly Will- Str-3 Int+10}
 30279 | D:15     | Found the +0 pair of fencer's gloves {Riposte Dex+3}
 30410 | D:15     | Found a staircase to the Depths.
 31316 | D:15     | Reached skill level 10 in Spellcasting
 31624 | Vaults:3 | Identified the "Evvixil"
 31624 | Vaults:4 | Identified the "Icil"
 31624 | Vaults:5 | Identified the "Ufenowust"
 31624 | Vaults:5 | Identified the "Liaghek"
 31624 | WizLab   | Identified the of Vodoir
 31624 | WizLab   | Identified the "Vosarer"
 31624 | Crypt:3  | Identified the "Abbeiden"
 31624 | Crypt:3  | Identified the of Ahant
 31624 | Elf:1    | Entered Level 1 of the Elven Halls
 32385 | Spider:1 | Entered Level 1 of the Spider Nest
 32601 | Spider:1 | Noticed Agnes
 32608 | Spider:1 | Killed Agnes
 32870 | Spider:1 | Noticed Josephine
 32876 | Spider:1 | Killed Josephine
 32940 | Spider:1 | Noticed an emperor scorpion
 32947 | Spider:1 | Killed an emperor scorpion
 32953 | Spider:1 | Reached skill level 1 in Shields
 33067 | Spider:1 | Learned a level 6 spell: Death Channel
 33208 | Spider:1 | Reached XP level 16. HP: 146/146 MP: 24/31
 33913 | Spider:2 | Noticed Arachne
 34073 | Spider:1 | Reached skill level 15 in Fighting
 35531 | Spider:2 | Killed Arachne
 36266 | Spider:4 | Entered Level 4 of the Spider Nest
 36266 | Spider:4 | Noticed Donald
 36434 | Spider:4 | Reached skill level 10 in Dodging
 37040 | Spider:4 | Noticed Louise
 37049 | Spider:4 | Killed Donald
 37055 | Spider:4 | Killed Louise
 37452 | Spider:4 | Reached XP level 17. HP: 162/162 MP: 2/32
 37499 | Spider:4 | Got a gossamer rune of Zot
 37522 | Spider:4 | Identified the +1 pair of boots of Tortelloni {Str+3}
 37886 | Spider:4 | Found a hide-covered altar of Uskayaw.
 38564 | Orc:2    | Reached skill level 5 in Shields
 38668 | Elf:1    | Identified the +4 buckler of Duck's Teeth {+Inv Int+3 Dex+3
                  | Slay+5}
 39019 | Elf:1    | Identified the +3 ring mail "Yxtoson" {+Inv rN++ Int-3
                  | Stlth+}
 39073 | Elf:1    | Found a runed translucent gate.
 39073 | Elf:1    | Found a runed translucent gate.
 39074 | Elf:1    | Found a runed translucent gate.
 39079 | Elf:1    | Found a runed translucent gate.
 39079 | Elf:1    | Found a runed translucent gate.
 39080 | Elf:1    | Found a runed translucent gate.
 39138 | Elf:1    | Found Siebuych's Armour Shoppe.
 39144 | Elf:1    | Found Faogoor's Armour Emporium.
 39153 | Elf:1    | Noticed Nikola
 39170 | Elf:1    | Killed Nikola
 39192 | Elf:1    | Noticed Norris
 39207 | Elf:1    | Killed Norris
 39497 | Elf:1    | Noticed Zenata
 40039 | Elf:1    | Killed Zenata
 40760 | Elf:2    | Upgraded the game from 0.31-a0-965-g8a8ce12e04 to
                  | 0.31-a0-968-g24f9ace8b5
 40817 | Elf:2    | Identified the +9 shortbow of Picuxt {freeze, rElec Str+3}
 40907 | Elf:2    | Found a runed translucent gate.
 40908 | Elf:2    | Found a runed translucent gate.
 40908 | Elf:2    | Found a runed translucent gate.
 41412 | Elf:2    | Reached XP level 18. HP: 178/178 MP: 33/33
 41955 | Elf:3    | Identified the of Ineapyck
 41955 | Elf:3    | Entered Level 3 of the Elven Halls
 42035 | Elf:3    | Noticed a Brimstone Fiend
 42344 | Elf:3    | Noticed Roxanne
 42468 | Elf:3    | Reached skill level 1 in Translocations
 42729 | Elf:3    | Identified the ring of the Chimera {rF+ rCorr Str-5 Dex+3}
 42811 | Elf:3    | Reached skill level 5 in Translocations
 42842 | Elf:3    | Identified the ring of the King {Wiz +Blink Str+2}
 42874 | Elf:3    | Found the ring of the Octopus King {rF+ HP+2 AC+2 EV+2
                  | SH+2}
 43208 | Elf:3    | Identified the +9 lajatang "Testudine's Peril" {speed,
                  | rElec Str+4}
 43220 | Elf:3    | Noticed a Tzitzimitl
 43222 | Elf:3    | HP: 8/178 [constriction (5)]
 43750 | Swamp:1  | Entered Level 1 of the Swamp
 44940 | Swamp:2  | Identified the +6 shortbow "Fish" {flame, Will+}
 45575 | Swamp:2  | Reached skill level 10 in Ice Magic
 46304 | Swamp:3  | Reached XP level 19. HP: 180/185 MP: 13/35
 46926 | Swamp:4  | Entered Level 4 of the Swamp
 47055 | Swamp:4  | Identified the +1 halberd of Evisceration {drain, rN+++
                  | Will- rCorr Dex-5}
 47663 | Swamp:4  | Got a decaying rune of Zot
 49464 | D:13     | Found a runed translucent gate.
 49464 | D:13     | Found a runed translucent gate.
 49467 | D:13     | Found a runed translucent gate.
 49471 | D:13     | Noticed arthad's ghost (journeyman VSBe)
 49540 | Vaults:1 | Entered Level 1 of the Vaults
 49791 | Vaults:1 | Noticed a dread lich
 49801 | Vaults:1 | Found the +27 heavy crossbow "Sniper" {heavy, Acc+∞ SInv}
 49802 | Vaults:1 | Identified the +10 mace of Kuorofon {spect, *Rage rElec
                  | rCorr Int+4}
 49841 | Vaults:1 | Noticed a Tzitzimitl
 49856 | Vaults:1 | Noticed a Brimstone Fiend
 49863 | Vaults:1 | Killed a dread lich
 50966 | Vaults:1 | Learned a level 7 spell: Haunt
 51042 | Vaults:1 | Reached skill level 1 in Summonings
 51167 | Vaults:1 | Reached XP level 20. HP: 186/200 MP: 12/37
 51381 | Vaults:2 | Identified the +2 leather armour of Byvoejir {Harm rElec
                  | Dex+3 Slay-6}
 51437 | Vaults:2 | Reached skill level 5 in Summonings
 51644 | Vaults:2 | Reached skill level 15 in Necromancy
 52716 | Vaults:2 | Found a staircase to the Crypt.
 52716 | Vaults:2 | Found a basalt altar of Yredelemnul.
 52716 | Vaults:2 | Found an ancient bone altar of Kikubaaqudgha.
 53313 | Vaults:3 | Reached XP level 21. HP: 209/209 MP: 38/38
 53679 | Vaults:3 | Noticed a golden dragon
 53716 | Vaults:3 | Killed a golden dragon
 54141 | Vaults:3 | a shadow dragon changed into a caustic shrike
 54141 | Vaults:3 | Noticed a caustic shrike (glowing shapeshifter)
 54142 | Vaults:3 | a caustic shrike changed into a rockslime
 54144 | Vaults:3 | a rockslime changed into a juggernaut
 54144 | Vaults:3 | Noticed a juggernaut (glowing shapeshifter)
 54149 | Vaults:3 | a juggernaut changed into a golden dragon
 54149 | Vaults:3 | Noticed a golden dragon (glowing shapeshifter)
 54409 | Vaults:3 | Identified the +1 pair of gloves of the Watermelon {Stlth+}
 54739 | Vaults:4 | Reached skill level 10 in Summonings
 55907 | Vaults:4 | Found a transporter.
 55908 | Vaults:4 | Found a shimmering blue altar of Sif Muna.
 56088 | Crypt:1  | Entered Level 1 of the Crypt
 57067 | Crypt:1  | Identified the +2 ring mail of the Eternal Fruit {Regen+
                  | Str+2}
 57243 | Crypt:1  | Noticed Margery
 57391 | Crypt:1  | Killed Margery
 57961 | Crypt:2  | Reached XP level 22. HP: 141/222 MP: 26/40
 58126 | Crypt:2  | Found a magical portal.
 58178 | WizLab   | Entered The Roulette of Golubria
 58178 | WizLab   | Found a transporter.
 58181 | WizLab   | Found a corrupted altar of Lugonu.
 58214 | WizLab   | Found a transporter.
 58240 | WizLab   | Found a transporter.
 58251 | WizLab   | Found a transporter.
 58305 | WizLab   | Found a transporter.
 58371 | WizLab   | Found a transporter.
 58429 | WizLab   | Found a transporter.
 58429 | WizLab   | Found a transporter.
 58444 | WizLab   | Found a corrupted altar of Lugonu.
 58454 | WizLab   | Found a transporter.
 58483 | WizLab   | Found a transporter.
 58522 | WizLab   | Found a transporter.
 58668 | WizLab   | Found a transporter.
 58692 | WizLab   | Found a transporter.
 58692 | WizLab   | Found a transporter.
 58798 | WizLab   | Found a transporter.
 58808 | WizLab   | Reached skill level 15 in Spellcasting
 58813 | WizLab   | Identified the +0 cloak "Gihuuxtuu" {rElec Int+3 Dex+2}
 58971 | WizLab   | Identified the +0 cloak "Keqi" {Harm rC- Str+2}
 59101 | WizLab   | Found a transporter.
 59120 | WizLab   | Found a transporter.
 59174 | WizLab   | Found a transporter.
 59197 | WizLab   | Found a transporter.
 59197 | WizLab   | Found a transporter.
 59838 | Crypt:2  | Identified the ring "Dehuynio" {rN+ Str+4 Int-4 SInv
                  | Stlth+}
 60194 | Crypt:3  | Entered Level 3 of the Crypt
 60898 | Crypt:3  | Noticed an ancient lich
 60903 | Crypt:3  | Killed an ancient lich
 61692 | Crypt:3  | Found the +8 Wrath of Trog {antimagic, *Rage Rampage}
 61836 | Crypt:3  | Noticed a curse toe
 62133 | Crypt:3  | Noticed a dread lich
 62133 | Crypt:3  | Noticed a dread lich
 62160 | Crypt:3  | Noticed Jory
 62169 | Crypt:3  | Killed Jory
 62355 | Crypt:3  | Found a staircase to the Tomb.
 62457 | Crypt:3  | Killed a curse toe
 62936 | Crypt:3  | Identified the amulet of Wolichot {Regen+ Slay+6}
 63370 | Depths:1 | Entered Level 1 of the Depths
 63536 | Depths:1 | Found a gateway to Hell.
 63555 | Depths:1 | Found Zadghear's Jewellery Emporium.
 63651 | Depths:1 | Found a flickering gateway to a bazaar.
 63660 | Bazaar   | Entered a bazaar
 63660 | Bazaar   | Found Luocku Hidu's Book Shoppe.
 63663 | Bazaar   | Found Culem's Distillery.
 63668 | Bazaar   | Found Rohepops's General Store.
 63672 | Bazaar   | Bought a potion of ambrosia for 144 gold pieces
 63672 | Bazaar   | Bought a potion of curing for 54 gold pieces
 63672 | Bazaar   | Bought a potion of heal wounds for 90 gold pieces
 63672 | Bazaar   | Bought a potion of magic for 144 gold pieces
 63672 | Bazaar   | Bought a potion of cancellation for 144 gold pieces
 63678 | Bazaar   | Bought a potion of resistance for 110 gold pieces
 63678 | Bazaar   | Bought a potion of heal wounds for 55 gold pieces
 63678 | Bazaar   | Bought Great Wizards, Vol. II for 418 gold pieces
 63691 | Bazaar   | Found Akotwien's Book Boutique.
 63706 | Bazaar   | Found Dateps's Weapon Emporium.
 63729 | Bazaar   | Learned a level 5 spell: Borgnjor's Vile Clutch
 63739 | Bazaar   | Learned a level 8 spell: Infestation
 63943 | Depths:1 | Found Edghieno's Armour Shoppe.
 64139 | Depths:1 | Found Mahoresch's Book Boutique.
 64140 | Depths:1 | Found Gaoff's Jewellery Emporium.
 64145 | Depths:1 | Found Omienuj's Book Boutique.
 64196 | Depths:1 | Found a one-way gate leading to the halls of Pandemonium.
 64240 | Depths:1 | Found a one-way gate to the infinite horrors of the Abyss.
 64405 | Depths:2 | Found a one-way gateway to a ziggurat.
 64444 | Depths:2 | Reached XP level 23. HP: 229/229 MP: 34/43
 64673 | Depths:2 | Learned a level 9 spell: Death's Door
 64927 | Depths:2 | Noticed a caustic shrike
 64927 | Depths:2 | Noticed a caustic shrike
 64927 | Depths:2 | Noticed a caustic shrike
 64933 | Depths:2 | Killed a caustic shrike
 64934 | Depths:2 | Killed a caustic shrike
 64937 | Depths:2 | Killed a caustic shrike
 64948 | Depths:2 | Noticed a juggernaut
 64958 | Depths:2 | Killed a juggernaut
 65045 | Depths:2 | Noticed Bai Suzhen
 65058 | Depths:2 | Killed Bai Suzhen
 66063 | Depths:3 | Noticed a juggernaut
 66075 | Depths:3 | Killed a juggernaut
 66228 | Depths:3 | Reached XP level 24. HP: 238/238 MP: 44/44
 66902 | Depths:3 | Identified the +10 hand axe of Unreason {drain, Str+3
                  | Int+3}
 67023 | Depths:4 | Entered Level 4 of the Depths
 67455 | Depths:4 | Found a gate to the Realm of Zot.
 67534 | Depths:4 | Found a faded altar of an unknown god.
 67534 | Depths:4 | Found a faded altar of an unknown god.
 67538 | Depths:4 | Found a hazy altar of Hepliaklqana.
 68092 | Vaults:5 | Entered Level 5 of the Vaults
 68093 | Vaults:5 | Noticed an ancient lich
 68116 | Vaults:5 | Killed an ancient lich
 68235 | Vaults:5 | Identified the +6 great mace "Kazeppem" {elec, +Blink
                  | Str+4}
 68413 | Vaults:5 | Reached XP level 25. HP: 247/247 MP: 22/46
 68667 | Vaults:5 | Identified the +1 robe of Usac {rN+}
 68728 | Vaults:5 | Identified the +0 leather armour of the Northern Lights
                  | {rC++ Dex+3 Stlth-}
 69004 | Vaults:5 | Got a silver rune of Zot
 69426 | Vaults:5 | Identified the +5 ring mail of a treasure trove {Rampage
                  | Will+ Dex-5 Stlth+}
 69541 | Vaults:5 | Identified the +8 short sword "Jeocaisa" {freeze, *Rage
                  | rN++ Str+4}
 70090 | Zot:1    | Entered Level 1 of the Realm of Zot
 71141 | Zot:4    | Found Umeola's CLEARANCE SALE!.
 71171 | Zot:4    | Noticed a Killer Klown
 71172 | Zot:4    | Killed a Killer Klown
 71193 | Zot:4    | Reached skill level 27 in Necromancy
 71306 | Zot:4    | Noticed a Killer Klown
 71306 | Zot:4    | Noticed a Killer Klown
 71355 | Zot:4    | Killed a Killer Klown
 71411 | Zot:4    | Noticed an orb of fire
 71424 | Zot:4    | Gained mutation: You are weak. (Str -2) [an orb of fire]
 71442 | Zot:4    | Killed an orb of fire
 71449 | Zot:4    | Killed a Killer Klown
 71450 | Zot:4    | Reached XP level 26. HP: 157/261 MP: 11/46
 71704 | Zot:5    | Entered Level 5 of the Realm of Zot
 71704 | Zot:5    | Identified a scroll of acquirement
 72144 | Zot:5    | Reached skill level 27 in Fighting
 72208 | Zot:5    | Noticed an ancient lich
 72210 | Zot:5    | Noticed an orb of fire
 72214 | Zot:5    | Got the Orb of Zot
 72240 | Zot:4    | Noticed Baasaiw the pandemonium lord
 72349 | Depths:4 | Noticed Sotur the pandemonium lord
 72366 | Depths:4 | Killed Sotur the pandemonium lord
 72912 | D:$      | Escaped with the Orb!

Illustrated notes

Levels and vault maps discovered:
D:1:      lightli_arrival_quake, layout_basic, serial_aquarium,
          aquarium_bridge_long_joined [aquarium_subvault_window,
          aquarium_subvault_wall, aquarium_subvault_bridge,
          aquarium_subvault_bridge, aquarium_subvault_bridge,
          aquarium_subvault_wall], aquarium_bridge_straight
          [aquarium_subvault_bridge, aquarium_subvault_window,
          aquarium_subvault_bridge, aquarium_subvault_wall],
          aquarium_window_fake, aquarium_window_fake, aquarium_view_2d
D:2:      layout_loops_corners, kennysheep_donut, uniq_robin
D:3:      layout_basic, ebering_ghost_sewer_f, minivault_24,
          chequers_serial_rivers_micro_e
D:4:      layout_loops_cross, temple_fountains, serial_shops,
          nicolae_shop_tiny_glass, uniq_sigmund, uniq_edmund, uniq_eustachio
D:5:      minmay_skewed_foursquare, layout_loops_corners,
          hellmonk_ghost_happy_afterlife, minmay_checkerbox
D:6:      layout_loops_cross, ebering_ghost_reflecting_pool,
          serial_co_window_serial, co_window_corner_a, co_window_paths_a,
          co_window_paths_b, co_window_paths_b, co_window_paths_b,
          co_window_paths_a, co_window_cross_1, co_window_of_opportunity_c,
          co_window_broadway_b, co_window_corner_cb, co_window_broadway_b,
          co_window_2corner, co_window_paths_c, co_window_2corner,
          glass_columns_a, glass_columns_c, glass_columns_a, glass_columns_b
D:7:      layout_cave_pools
D:8:      layout_loops_ring, nicolae_uskayaw_dance_hall
D:9:      layout_stronghold, serial_shops, nicolae_shop_real_fake_doors,
          uniq_pikel, uniq_maurice
D:10:     layout_basic, david_lair_generic, gammafunk_ghost_spectres
D:11:     layout_roguey, david_orc_4, nicolae_ru_sacrificial_ziggurat
D:12:     layout_stronghold
D:13:     layout_basic, skrybe_vaults_entry_preservation,
          nicolae_trove_entry_crossroad,
          ploomutoo_gammafunk_ghost_potion_laboratory, uniq_jorgrun, uniq_lodul,
          uniq_urug
D:14:     layout_stronghold, minmay_misc_feat_four_crosses, minivault_5,
          kennysheep_kite_vault
D:15:     grunt_enter_depths_snipers, layout_layer_cave, nicolae_two_hexagons,
          gauntlet_entry_generic, minivault_8
Temple:   kilobyte_greek_temple
Lair:1:   layout_regular_city, basic_altar, minmay_lair_oklob_items,
          uniq_amaemon
Lair:2:   layout_regular_city, grunt_forest_large_clearings
Lair:3:   layout_regular_city, swamp_mist_pool,
          nicolae_spider_entry_lesser_pyramids, ebering_ghost_funeral_grove,
          grunt_forest_large_clearing_hut, grunt_megastairs_4
Lair:4:   layout_cave_pods, lemuel_fruit_fields
Lair:5:   minmay_lair_end_frog_pond, layout_layer_cave, slime_entry_1,
          serial_bayou_shore_b, lemuel_fruit_fields
Swamp:1:  layout_basic_swamp, nicolae_swamp_trees_clearing
Swamp:2:  nzn_winding_woodlands_medium [nzn_winding_woodlands_5x5_open_star,
          nzn_winding_woodlands_5x15_jagged, nzn_winding_woodlands_5x5_cross,
          nzn_winding_woodlands_hourglass, nzn_winding_woodlands_center_lodge,
          nzn_winding_woodlands_5x5_default, nzn_winding_woodlands_5x5_default,
          nzn_winding_woodlands_5x15_lazy_stream,
          nzn_winding_woodlands_5x5_closed_star], layout_basic_swamp,
          nicolae_swamp_long_stream, swamp_pool1
Swamp:3:  layout_falls_marsh, serial_swamp_ruin, evilmike_swamp_ruin_house_2,
          evilmike_swamp_ruin_house_5, evilmike_swamp_ruin_rubble_1,
          swamp_pool3, nicolae_swamp_treefoil, nicolae_swamp_vermiculated,
          infiniplex_staircase_pool
Swamp:4:  swamp_icy, layout_basic_swamp
Spider:1: layout_spider_delve, einodemon_crawler_minivault, uniq_josephine,
          uniq_agnes
Spider:2: layout_cave_pods, portal_ice_cave_entry_ice_statue_one, uniq_arachne
Spider:3: layout_spider_delve, nicolae_spider_cling_halls
Spider:4: grunt_spider_rune_circles, nicolae_spider_altar_of_dancing,
          uniq_louise, uniq_donald
Orc:1:    layout_caves
Orc:2:    grunt_orc_cross, layout_diamond_mine, nicolae_orc_sculptors_studio
Elf:1:    eino_elf_arrival_sip, layout_onion_city, orc_legates,
          minmay_shoptagon, uniq_norris, uniq_zenata, uniq_nikola
Elf:2:    nicolae_elf_blades_crystal_corner, layout_loops_corners,
          guppyfry_elf_altar
Elf:3:    minmay_elf_hall_quartered_circle, layout_loops_cross, uniq_roxanne
Vaults:1: minmay_guarded_unrand_secular_launcher, v_misc_31, v_misc_17,
          ontoclasm_vaults_pinch, nicolae_vaults_six-pack,
          nicolae_vaults_heart-shaped_vault, vaults_dpeg_diagonal,
          nicolae_vaults_variable_pillar_hall, layout_vaults_omnigrid
Vaults:2: nicolae_vaults_wrenched, nicolae_vaults_storage_room_glass,
          minmay_crypt_entry_necro_gods, nicolae_vaults_diamond_1,
          nicolae_vaults_network_periphery, nicolae_vaults_heist,
          ontoclasm_vaults_ring_large, nicolae_vaults_shrinking_rooms_2,
          nicolae_vaults_octothorpe, grunt_vaults_swirl,
          nicolae_vaults_ring_of_whatevers, nicolae_vaults_crenellated_ambush,
          nicolae_vaults_house_1, hangedman_vaults_maws, layout_vaults_ring
Vaults:3: hangedman_vaults_restitches, vaults_mumra_hex,
          nicolae_vaults_ninety_degrees, v_misc_8, ontoclasm_vaults_twist,
          nicolae_vaults_sesquioval_fish, vaults_room_door_ring,
          st_greater_box_1, nicolae_vaults_storage_room_statues,
          vaults_room_fours, vaults_room_pools, nicolae_vaults_shelves_hall,
          nicolae_vaults_meiosis, layout_vaults_maze_bifur
Vaults:4: grunt_vaults_trifunnel, dpeg_vaults_monster_box, v_misc_18,
          vaults_mumra_chevron, nicolae_vaults_network_quinsquares
          [nicolae_vaults_network_quincunx_subvault,
          nicolae_vaults_network_quincunx_subvault,
          nicolae_vaults_network_quincunx_subvault,
          nicolae_vaults_network_quincunx_subvault], nicolae_vaults_trapezoid_2,
          gammafunk_sealed_library, nicolae_vaults_closet_pinwheel_6,
          nicolae_vaults_theta, nicolae_vaults_trapezoid_4, vaults_room_corners,
          layout_vaults_omnibox
Vaults:5
Crypt:1:  layout_misc_corridors, nicolae_crypt_ancient_font,
          grunt_crypt_arrival_webbed, grunt_megastairs_2, uniq_josephina,
          uniq_margery
Crypt:2:  layout_chaotic_city, infiniplex_enter_wizlab_spiral,
          nicolae_letterblocks [nicolae_letter_subblock,
          nicolae_letter_subblock, nicolae_letter_subblock,
          nicolae_letter_subblock, nicolae_letter_subblock,
          nicolae_letter_subblock, nicolae_letter_subblock,
          nicolae_letter_subblock, nicolae_letter_subblock,
          nicolae_letter_subblock, nicolae_letter_subblock,
          nicolae_letter_subblock, nicolae_letter_subblock,
          nicolae_letter_subblock, nicolae_letter_subblock,
          nicolae_letter_subblock, nicolae_letter_subblock,
          nicolae_letter_subblock, nicolae_letter_subblock,
          nicolae_letter_subblock, nicolae_letter_subblock,
          nicolae_letter_subblock, nicolae_letter_subblock,
          nicolae_letter_subblock, nicolae_letter_subblock]
Crypt:3:  david_glass_crypt, layout_gridlike,
          nicolae_tomb_entry_unfolded_pyramid_diagonal,
          nicolae_crypt_crumbling_hall, uniq_jory
Depths:1: layout_roguey, serial_shops, bzr_entry_lakeside,
          nicolae_shop_temple_entry_statues_fountains, shop,
          hangedman_coc_ice_floe, pan_entry, abyss_entry_crystal,
          serial_sigils_hangedman_snap, chequers_serial_rivers_small_3,
          glass_columns_b, lemuel_nasty_fountain, minmay_shop_grove
Depths:2: grunt_runaround [grunt_runaround_doors_1, grunt_runaround_doors_2,
          grunt_runaround_doors_3, grunt_runaround_doors_4,
          grunt_runaround_loot], pan_entry, abyss_entry, hell_entry,
          uniq_bai_suzhen
Depths:3: minmay_the_grid_square_5x5_5x5
          [minmay_the_grid_square_5x5_almost_minimal,
          minmay_the_grid_square_5x5_spiral_small,
          minmay_the_grid_square_5x5_two_walls_b, minmay_the_grid_square_5x5_z,
          minmay_the_grid_square_5x5_fat_x,
          minmay_the_grid_square_5x5_hollow_slash,
          minmay_the_grid_square_5x5_prize_junk,
          minmay_the_grid_square_5x5_half_checkered,
          minmay_the_grid_square_5x5_prize_snowflake,
          minmay_the_grid_square_5x5_intrusive_squares,
          minmay_the_grid_square_5x5_minimal,
          minmay_the_grid_square_5x5_detours,
          minmay_the_grid_square_5x5_prize_pseudospiral,
          minmay_the_grid_square_5x5_inverted_slash,
          minmay_the_grid_square_5x5_bracketed,
          minmay_the_grid_square_5x5_sharp_hourglass,
          minmay_the_grid_square_5x5_prize_itemx,
          minmay_the_grid_square_5x5_shrine1,
          minmay_the_grid_square_5x5_prize_monsterx,
          minmay_the_grid_square_5x5_one_wall,
          minmay_the_grid_square_5x5_n_small,
          minmay_the_grid_square_5x5_dogpile, minmay_the_grid_square_5x5_corner,
          minmay_the_grid_square_5x5_percent,
          minmay_the_grid_square_5x5_shrine2], layout_basic,
          kennysheep_nondescript, hell_entry, abyss_entry_small_statue_room,
          hex_intersection
Depths:4: grunt_zot_entry_alcove, layout_cave_shapes, grunt_mini_vestibule,
          nicolae_hepliaklqana_ecumenical_no_more
Zot:1:    layout_misc_corridors, gammafunk_ghost_arena,
          regret_index_zotdec_silver_v_v_orig_slice
Zot:2:    evilmike_crystal_ball_defense, layout_basic, lemuel_elevator
Zot:3:    lemuel_firehouse, layout_concentric_octagons, regret_index_zotdec_plus
Zot:4:    grunt_zot_stairs_mandelzot, layout_onion, nicolae_shop_clearance
Zot:5:    layout_misc_corridors

Skill      XL: |  1  2  3  4  5  6  7  8  9 10 11 12 13 14 15 16 17 18 19 20 21 22 23 24 25 26 |
---------------+-------------------------------------------------------------------------------+-----
Spellcasting   | 3 4 5 7 9 11 12 13 14 16 17 19 | 19.0
Necromancy     | 6 8 10 13 14 17 19 22 25 27 | 27.0
Fighting       | 4 6 8 10 13 14 17 20 22 24 26 27 | 27.0
Evocations     | 3 5 7 8 |  8.8
Short Blades   | 2 |  2.0
Hexes          | 4 |  4.0
Maces & Flails | 4 8 11 12 | 12.0
Shapeshifting  | 5 9 10 12 | 12.0
Dodging        | 4 8 10 11 14 | 14.2
Ice Magic      | 8 11 14 | 14.5
Shields        | 2 6 |  6.3
Translocations | 5 |  5.0
Summonings     | 3 8 10 | 10.0
Stealth        | |  1.7

Action                     |  1- 3 |  4- 6 |  7- 9 | 10-12 | 13-15 | 16-18 | 19-21 | 22-24 | 25-27 || total
---------------------------+-------+-------+-------+-------+-------+-------+-------+-------+-------++-------
  Melee: Whip              |    12 |    25 |   147 |   162 |       |       |       |       |       ||   346
         Tailslap          |     4 |     6 |    51 |   112 |   265 |   243 |   349 |   384 |   131 ||  1545
         Dagger            |       |     8 |   135 |    57 |       |       |       |       |       ||   200
         Unarmed           |       |     5 |       |       |       |       |       |       |       ||     5
         Punch             |       |     1 |     2 |     8 |    18 |       |       |       |       ||    29
         Maw               |       |       |       |   228 |   571 |   461 |   612 |   634 |   210 ||  2716
         Demon whip        |       |       |       |   320 |  1358 |   908 |  1011 |  1014 |   370 ||  4981
  Throw: Dart              |       |       |       |       |     2 |     3 |       |       |       ||     5
   Cast: Necrotise         |    95 |    71 |    89 |    31 |    17 |     2 |       |       |       ||   305
         Vampiric Draining |       |     2 |    13 |    32 |    11 |     2 |     2 |       |       ||    62
         Animate Dead      |       |       |     7 |    21 |    12 |       |       |       |       ||    40
         Anguish           |       |       |    20 |    24 |    14 |     6 |     1 |     1 |     1 ||    67
         Sublimation of Bl |       |       |     3 |     1 |       |     8 |     7 |     9 |    12 ||    40
         Dispel Undead     |       |       |       |     6 |    21 |     8 |    80 |    89 |    16 ||   220
         Apportation       |       |       |       |     9 |       |     1 |     2 |     9 |     1 ||    22
         Ozocubu's Armour  |       |       |       |       |    35 |    30 |     8 |       |       ||    73
         Simulacrum        |       |       |       |       |    55 |    96 |    84 |    13 |    26 ||   274
         Death Channel     |       |       |       |       |       |    32 |    38 |    13 |     2 ||    85
         Haunt             |       |       |       |       |       |       |    10 |    26 |    16 ||    52
         Infestation       |       |       |       |       |       |       |       |    55 |    32 ||    87
         Borgnjor's Vile C |       |       |       |       |       |       |       |     3 |     3 ||     6
 Invoke: Unearth Wretches  |       |       |       |     1 |     4 |     4 |       |     3 |     5 ||    17
         Brand Weapon With |       |       |       |       |     1 |       |       |       |       ||     1
Ability: Breathe Dispellin |       |       |     9 |    10 |    11 |     5 |     2 |       |       ||    37
  Evoke: Wand              |       |     9 |     2 |     2 |     3 |     4 |     3 |       |     4 ||    27
         Box of beasts     |       |       |       |       |     1 |       |       |       |       ||     1
         Lightning rod     |       |       |       |       |     2 |    10 |       |       |     1 ||    13
         Condenser vane    |       |       |       |       |       |       |       |       |     1 ||     1
    Use: Scroll            |       |     6 |     4 |    10 |    18 |     3 |       |     8 |    16 ||    65
         Potion            |       |       |       |     2 |     4 |     5 |     1 |     4 |     4 ||    20
   Stab: Sleeping          |       |     2 |       |       |     5 |     3 |    10 |     8 |     1 ||    29
         Paralysed         |       |    15 |     4 |     3 |     1 |     2 |     3 |     3 |     2 ||    33
         Distracted        |       |       |     2 |     6 |     6 |     5 |    18 |    15 |    11 ||    63
         Confused          |       |       |       |       |       |     1 |       |       |       ||     1
         Invisible         |       |       |       |       |       |       |       |     3 |       ||     3
 Armour: Skin              |    12 |    18 |   162 |   297 |   563 |   393 |   353 |   333 |   231 ||  2362
  Dodge: Dodged            |     9 |    22 |   271 |   419 |   756 |   477 |   429 |   476 |   264 ||  3123
  Block: Other             |       |       |       |       |   125 |       |       |       |       ||   125
         Reflection        |       |       |       |       |    17 |    54 |    73 |     4 |       ||   148
         Buckler           |       |       |       |       |    78 |   507 |   662 |   449 |   176 ||  1872
Riposte: Demon whip        |       |       |       |       |    34 |   246 |   284 |   242 |   107 ||   913
   Form: Maw               |       |       |       |     1 |       |       |       |       |       ||     1

Table legend: (Time is in decaauts)
 A = Elapsed time spent in this place.
 B = Non-inter-level travel time spent in this place.
 C = Inter-level travel time spent in this place.
 D = Time resting spent in this place.
 E = Time spent auto-exploring this place.
 F = Levels seen in this place.
 G = Mean time per level.
                   A        B        C        D        E       F      G
               +--------+--------+--------+--------+--------+-----+--------+
         Total |  71121 |  64428 |   6693 |  22507 |  26541 |  54 | 1317.1 |
       Dungeon |  21592 |  18443 |   3149 |   5702 |   9906 |  15 | 1439.5 |
        Temple |     73 |      2 |     71 |      0 |      0 |   1 |   73.0 |
          Lair |   8312 |   7606 |    706 |   2360 |   3525 |   5 | 1662.4 |
         Swamp |   4352 |   4116 |    236 |   1155 |   1979 |   4 | 1088.0 |
   Spider Nest |   5908 |   5476 |    432 |   2711 |   1393 |   4 | 1477.0 |
  Orcish Mines |   3281 |   2859 |    422 |   1443 |    957 |   2 | 1640.5 |
   Elven Halls |   5484 |   5255 |    229 |   1965 |   1683 |   3 | 1828.0 |
        Vaults |   8086 |   7462 |    624 |   1943 |   3475 |   5 | 1617.2 |
         Crypt |   5690 |   5514 |    176 |   2820 |   1492 |   3 | 1896.7 |
        Depths |   4512 |   4004 |    508 |   1044 |   1540 |   4 | 1128.0 |
           Zot |   2152 |   2016 |    136 |    909 |    117 |   5 |  430.4 |
        Bazaar |     79 |     79 |      0 |      0 |     48 |   1 |   79.0 |
        Wizlab |   1111 |   1111 |      0 |    291 |    362 |   1 | 1111.0 |
      Gauntlet |    482 |    482 |      0 |    160 |     62 |   1 |  482.0 |
               +--------+--------+--------+--------+--------+-----+--------+

Top non-repeatable levels by time:
 Crypt:3: 2441 daAuts
   Elf:2: 2193 daAuts
   Orc:2: 2122 daAuts
    D:13: 2111 daAuts
  Lair:5: 2019 daAuts
    D:10: 1974 daAuts
  Lair:2: 1951 daAuts
Vaults:1: 1840 daAuts
 Crypt:1: 1827 daAuts
Vaults:3: 1800 daAuts
Spider:1: 1785 daAuts
   Elf:1: 1759 daAuts
Depths:2: 1689 daAuts
Spider:4: 1680 daAuts
    D:14: 1653 daAuts
